Sabres vs Senateurs
(R1)
Created - January 13, 2025 at 20:51
Goals
|
| Sabres |
1 |
0 |
0 |
1 |
| Senateurs |
3 |
1 |
2 |
6 |
|
Shots
|
| Sabres |
15 |
12 |
11 |
38 |
| Senateurs |
11 |
8 |
7 |
26 |
|
1st period
1. Senateurs , Alex Iafallo 13 (Michael Frolik 11, Nick Bjugstad 21) at 0:04
2. Senateurs , Nick Bjugstad 9 (Alex Iafallo 15) at 3:30 (PP)
3. Sabres , Jakub Voracek 6 (Mika Zibanejad 28, Artemi Panarin 20) at 14:54 (PP)
4. Senateurs , Jordan Martinook 7 (Quinton Howden 7, Brendan Smith 4) at 19:31
Penalties :
Jakub Voracek (Buf) for Tripping (Minor) at 3:21, Jake Gardiner (Ott) for Tripping (Minor) at 4:10, Artemi Panarin (Buf) for Hooking (Minor) at 4:17, Ilya Kovalchuk (Buf) for Hooking (Minor) at 7:35, Brendan Smith (Ott) for Cross-checking (Minor) at 13:25
2nd period
5. Senateurs , Jared Cowen 4 (Michael Frolik 12, Nick Bjugstad 22) at 14:32 (PP)
Penalties :
Christian Dvorak (Buf) for Holding (Minor) at 14:18, Alex Iafallo (Ott) for Holding (Minor) at 19:24
3rd period
6. Senateurs , Jake Gardiner 5 (Alex Iafallo 16) at 7:47
7. Senateurs , Zachary Sanford 6 (Riley Sheahan 11, Adam Henrique 7) at 13:29 (PP)
Penalties :
Alex Iafallo (Ott) for Interference (Minor) at 5:26, Cal Clutterbuck (Buf) for Holding (Minor) at 12:30, Evgeni Malkin (Buf) for Hooking (Minor) at 14:32, Jordan Martinook (Ott) for Fighting (Major) at 18:29, Jordan Staal (Buf) for Fighting (Major) at 18:29, Cam Talbot (Buf) for Delaying the game (Minor) at 18:38 - Victor Hedman served the penalty
Goalie Stats
Igor Shesterkin (Buf), 12 saves from 16 shots - (0.750), L, 9-11-2, 34:32 minutes
Cam Talbot (Buf), 8 saves from 10 shots - (0.800), 25:28 minutes
Martin Jones (Ott), 37 saves from 38 shots - (0.974), W, 8-11-1, 60:00 minutes
Players Stats for Sabres
Player Name G A P +/- PIM S H SB GA TA FO MP PP MP PK MP
------------------------------------------------------------------------------------
Artemi Panarin 0 1 1 -2 2 2 1 0 0 1 5/10 23:54 3:41 4:17
Brock Nelson 0 0 0 -1 0 2 0 0 0 0 0/0 8:55 0:00 0:38
Cal Clutterbuck 0 0 0 0 2 3 2 0 0 0 0/0 13:52 1:47 0:00
Calvin de Haan 0 0 0 0 0 0 0 2 1 1 0/0 20:59 1:45 2:38
Chris Kreider 0 0 0 0 0 0 0 1 1 0 0/0 19:30 1:47 4:10
Christian Dvorak 0 0 0 -1 2 0 0 0 0 0 1/4 8:32 0:00 0:16
Corey Perry 0 0 0 0 0 1 0 0 0 0 0/0 10:08 0:05 0:00
Evgeni Malkin 0 0 0 0 2 3 0 0 2 0 3/7 10:42 0:05 0:00
Ilya Kovalchuk 0 0 0 -1 2 2 2 0 1 1 1/1 9:44 0:05 0:50
Jakub Voracek 1 0 1 -2 2 7 1 0 1 1 2/2 19:00 3:42 0:00
Jordan Staal 0 0 0 0 5 6 0 0 0 0 8/12 16:06 1:47 1:32
Mathew Dumba 0 0 0 -1 0 2 1 0 0 0 0/0 25:52 3:49 4:10
Mika Zibanejad 0 1 1 -2 0 3 0 0 2 0 15/29 21:36 3:42 1:53
Nate Schmidt 0 0 0 0 0 1 0 0 0 1 0/0 20:59 1:45 2:38
Neal Pionk 0 0 0 -2 0 3 0 2 0 0 0/0 13:54 0:00 0:45
Robby Fabbri 0 0 0 0 0 3 1 0 0 0 0/0 9:14 0:00 0:00
Tyson Barrie 0 0 0 -2 0 0 0 0 0 0 0/0 13:09 0:00 0:00
Victor Hedman 0 0 0 -1 0 0 4 2 0 0 0/0 25:07 3:49 3:25
Players Stats for Senateurs
Player Name G A P +/- PIM S H SB GA TA FO MP PP MP PK MP
------------------------------------------------------------------------------------
Adam Henrique 0 1 1 1 0 2 1 0 0 0 8/16 19:53 3:18 2:39
Alex Iafallo 1 2 3 2 4 2 0 0 0 1 0/1 20:18 3:27 1:09
Anthony Beauvillier 0 0 0 0 0 0 0 0 0 1 0/0 7:44 0:00 0:00
Anton Lindholm 0 0 0 0 0 1 0 0 0 0 0/0 13:04 0:00 0:41
Brendan Smith 0 1 1 1 2 1 1 1 1 0 0/0 21:24 2:58 2:04
Christoph Bertschy 0 0 0 0 0 1 0 0 0 0 3/5 8:30 0:00 0:46
Dmitry Sinitsyn 0 0 0 0 0 1 0 1 0 0 0/0 11:44 0:00 0:00
Eric Gelinas 0 0 0 1 0 1 1 0 0 0 0/0 21:17 2:58 2:38
Jake Gardiner 1 0 1 2 2 2 1 2 0 4 0/0 25:48 3:57 2:49
Jared Cowen 1 0 1 2 0 2 4 5 2 2 0/0 26:59 3:50 2:56
Jordan Martinook 1 0 1 1 5 1 4 0 1 0 0/0 12:33 0:00 2:17
Michael Frolik 0 2 2 1 0 3 1 0 0 0 0/1 17:41 3:23 0:00
Nick Bjugstad 1 2 3 1 0 2 1 1 1 0 18/40 22:14 3:23 3:23
Quinton Howden 0 1 1 1 0 0 2 2 0 0 1/2 10:17 0:00 0:00
Richard Panik 0 0 0 1 0 0 1 1 0 0 0/0 10:59 0:10 0:00
Riley Sheahan 0 1 1 0 0 3 0 1 0 0 0/0 16:12 3:18 0:00
Tim Schaller 0 0 0 0 0 2 1 0 0 0 0/0 8:32 0:00 0:48
Zachary Sanford 1 0 1 1 0 2 2 0 0 0 0/0 17:20 3:18 0:06
3 Stars
1 - Martin Jones (Ott)
2 - Nick Bjugstad (Ott)
3 - Jared Cowen (Ott)
Power Play
Sabres - 1 on 4 Attempt(s) - 25.00%
Senateurs - 3 on 7 Attempt(s) - 42.86%
Penalty Kill
Sabres - 4 on 7 Attempt(s) - 57.14%
- Score 0 goal in Penalty Kill
Senateurs - 3 on 4 Attempt(s) - 75.00%
- Score 0 goal in Penalty Kill
Team Stat
Sabres - Hits : 12 - Faceoff Wins : 35 - Blocked Shots : 7 - Penalty Minutes : 19
Senateurs - Hits : 20 - Faceoff Wins : 30 - Blocked Shots : 14 - Penalty Minutes : 13
Official
Referees : Gord Dwyer and Ian Walsh
Linesman : Ryan Daisy and Steve Miller
Game Notes
Cam Talbot enters game at 14:32 of 2nd period
Jordan Martinook and Jordan Staal fight to a draw at 18:29 of 3rd period
Finance
Level 1 -- Attendance: 6000 (100.00%) -- Ticket Income $600,000
Level 2 -- Attendance: 5000 (100.00%) -- Ticket Income $350,000
Level 3 -- Attendance: 2000 (100.00%) -- Ticket Income $80,000
Level 4 -- Attendance: 4000 (100.00%) -- Ticket Income $120,000
Luxury Box -- Attendance: 971 (97.10%) -- Ticket Income $194,200
Game was played at the Centre Canadian Tire.
Total Attendance: 17971 (99.84%)
Total Ticket Income: $1,344,200
Other Income: $201,630
Total Income: $1,545,830
Sabres
5 vs 5 Forward
Center Left Wing Right Wing Time % Phy DF OF
1 Mika Zibanejad Artemi Panarin Jakub Voracek 40 1 2 2
2 Jordan Staal Chris Kreider Cal Clutterbuck 30 1 2 2
3 Evgeni Malkin Robby Fabbri Corey Perry 20 1 2 2
4 Christian Dvorak Brock Nelson Ilya Kovalchuk 10 1 2 2
5 vs 5 Defense
Defense Defense Time % Phy DF OF
1 Mathew Dumba Victor Hedman 40 1 2 2
2 Nate Schmidt Calvin de Haan 30 1 2 2
3 Tyson Barrie Neal Pionk 20 1 2 2
4 Mathew Dumba Victor Hedman 10 1 2 2
PowerPlay Forward
Center Left Wing Right Wing Time % Phy DF OF
1 Mika Zibanejad Artemi Panarin Jakub Voracek 60 1 2 2
2 Jordan Staal Chris Kreider Cal Clutterbuck 40 1 2 2
PowerPlay Defense
Defense Defense Time % Phy DF OF
1 Mathew Dumba Victor Hedman 60 1 2 2
2 Nate Schmidt Calvin de Haan 40 1 2 2
Penalty Kill 4 Players Forward
Center Wing Time % Phy DF OF
1 Artemi Panarin Chris Kreider 60 1 2 2
2 Mika Zibanejad Jordan Staal 40 1 2 2
Penalty Kill 4 Players Defense
Defense Defense Time % Phy DF OF
1 Mathew Dumba Victor Hedman 60 1 2 2
2 Nate Schmidt Calvin de Haan 40 1 2 2
Penalty Kill - 3 Players Forward
Forward Time % Phy DF OF
1 Artemi Panarin 60 1 2 2
2 Chris Kreider 40 1 2 2
Penalty Kill - 3 Players Defense
Defense Defense Time % Phy DF OF
1 Mathew Dumba Victor Hedman 60 1 2 2
2 Nate Schmidt Calvin de Haan 40 1 2 2
4 vs 4 Forward
Center Wing Time % Phy DF OF
1 Artemi Panarin Chris Kreider 60 1 2 2
2 Mika Zibanejad Jordan Staal 40 1 2 2
4 vs 4 Defense
Defense Defense Time % Phy DF OF
1 Mathew Dumba Victor Hedman 60 1 2 2
2 Nate Schmidt Calvin de Haan 40 1 2 2
Last Minutes Offensive
Center Left Wing Right Wing Defense Defense
Mika Zibanejad Artemi Panarin Jakub Voracek Mathew Dumba Victor Hedman
Last Minutes Defensive
Center Left Wing Right Wing Defense Defense
Mika Zibanejad Artemi Panarin Jakub Voracek Mathew Dumba Victor Hedman
Goaltenders
Starting : Igor Shesterkin
Backup : Cam Talbot
Extra Forwards
Normal : Evgeni Malkin, Corey Perry, Ilya Kovalchuk - PP : Evgeni Malkin, Corey Perry - PK : Ilya Kovalchuk
Extra Defensemen
Normal : Tyson Barrie, Neal Pionk, Nate Schmidt - PP : Tyson Barrie - PK : Neal Pionk, Nate Schmidt
Penalty Shots
Artemi Panarin, Chris Kreider, Mika Zibanejad, Jordan Staal, Evgeni Malkin
Custom OT Lines Forwards
Artemi Panarin, Chris Kreider, Mika Zibanejad, Jordan Staal, Evgeni Malkin, Jakub Voracek, Cal Clutterbuck, Corey Perry, Ilya Kovalchuk, Robby Fabbri
Custom OT Lines Defensemen
Mathew Dumba, Victor Hedman, Nate Schmidt, Calvin de Haan, Tyson Barrie
Scratches
Alex Killorn (Healthy), Teemu Pulkkinen (Healthy)
Senateurs
5 vs 5 Forward
Center Left Wing Right Wing Time % Phy DF OF
1 Nick Bjugstad Alex Iafallo Michael Frolik 40 1 2 2
2 Adam Henrique Zachary Sanford Riley Sheahan 30 1 2 2
3 Quinton Howden Jordan Martinook Richard Panik 20 1 2 2
4 Christoph Bertschy Tim Schaller Anthony Beauvillier 10 1 2 2
5 vs 5 Defense
Defense Defense Time % Phy DF OF
1 Jake Gardiner Jared Cowen 40 1 2 2
2 Eric Gelinas Brendan Smith 30 1 2 2
3 Anton Lindholm Dmitry Sinitsyn 20 1 2 2
4 Jake Gardiner Jared Cowen 10 1 2 2
PowerPlay Forward
Center Left Wing Right Wing Time % Phy DF OF
1 Nick Bjugstad Alex Iafallo Michael Frolik 60 0 1 4
2 Adam Henrique Zachary Sanford Riley Sheahan 40 0 1 4
PowerPlay Defense
Defense Defense Time % Phy DF OF
1 Jake Gardiner Jared Cowen 60 0 1 4
2 Eric Gelinas Brendan Smith 40 0 1 4
Penalty Kill 4 Players Forward
Center Wing Time % Phy DF OF
1 Nick Bjugstad Alex Iafallo 60 0 4 1
2 Adam Henrique Jordan Martinook 40 0 4 1
Penalty Kill 4 Players Defense
Defense Defense Time % Phy DF OF
1 Jake Gardiner Jared Cowen 60 1 4 0
2 Eric Gelinas Brendan Smith 40 1 4 0
Penalty Kill - 3 Players Forward
Forward Time % Phy DF OF
1 Nick Bjugstad 60 1 4 0
2 Adam Henrique 40 1 4 0
Penalty Kill - 3 Players Defense
Defense Defense Time % Phy DF OF
1 Jake Gardiner Jared Cowen 60 1 4 0
2 Eric Gelinas Brendan Smith 40 1 4 0
4 vs 4 Forward
Center Wing Time % Phy DF OF
1 Nick Bjugstad Alex Iafallo 60 1 2 2
2 Adam Henrique Zachary Sanford 40 1 2 2
4 vs 4 Defense
Defense Defense Time % Phy DF OF
1 Jake Gardiner Jared Cowen 60 1 2 2
2 Eric Gelinas Brendan Smith 40 1 2 2
Last Minutes Offensive
Center Left Wing Right Wing Defense Defense
Nick Bjugstad Alex Iafallo Michael Frolik Jake Gardiner Jared Cowen
Last Minutes Defensive
Center Left Wing Right Wing Defense Defense
Nick Bjugstad Alex Iafallo Michael Frolik Jake Gardiner Jared Cowen
Goaltenders
Starting : Martin Jones
Backup : Thomas McCollum
Extra Forwards
Normal : Adam Henrique, Richard Panik, Jordan Martinook - PP : Adam Henrique, Richard Panik - PK : Adam Henrique
Extra Defensemen
Normal : Brendan Smith, Anton Lindholm, Dmitry Sinitsyn - PP : Brendan Smith - PK : Brendan Smith, Anton Lindholm
Penalty Shots
Nick Bjugstad, Michael Frolik, Riley Sheahan, Alex Iafallo, Adam Henrique
Custom OT Lines Forwards
Nick Bjugstad, Michael Frolik, Riley Sheahan, Alex Iafallo, Adam Henrique, Richard Panik, Jordan Martinook, Quinton Howden, Zachary Sanford, Tim Schaller
Custom OT Lines Defensemen
Jake Gardiner, Jared Cowen, Eric Gelinas, Brendan Smith, Anton Lindholm
Scratches
Dennis Everberg (Healthy), Jordan Schmaltz (Healthy), Rostislav Olesz (Healthy), Mikko Koskinen (Facial Surgery Injury)
% Time on Ice - Sabres
Lines # - Real PCT - Wanted PCT - Time Play
Normal Forward
1 - 35% - 40% - 15:58
2 - 27% - 30% - 12:17
3 - 20% - 20% - 9:14
4 - 18% - 10% - 8:17
Normal Defense
1 - 34% - 40% - 15:44
2 - 35% - 30% - 16:03
3 - 29% - 20% - 13:09
4 - 2% - 10% - 0:50
PP Forward
1 - 68% - 60% - 3:47
2 - 32% - 40% - 1:47
PP Defense
1 - 69% - 60% - 3:49
2 - 31% - 40% - 1:45
PK Forward
1 - 72% - 60% - 4:55
2 - 28% - 40% - 1:53
PK Defense
1 - 61% - 60% - 4:10
2 - 39% - 40% - 2:38
PK3 Forward
1 - 0% - 60%
2 - 0% - 40%
PK3 Defense
1 - 0% - 60%
2 - 0% - 40%
44 Forward
1 - 72% - 60% - 1:21
2 - 28% - 40% - 0:31
44 Defense
1 - 71% - 60% - 1:19
2 - 29% - 40% - 0:33
Last Minute Offensive - 0:00
Last Minute Defensive - 0:00
Total
Forward - 60:00
Defense - 60:00
|
% Time on Ice - Senateurs
Lines # - Real PCT - Wanted PCT - Time Play
Normal Forward
1 - 32% - 40% - 14:51
2 - 28% - 30% - 12:54
3 - 22% - 20% - 10:17
4 - 17% - 10% - 7:44
Normal Defense
1 - 38% - 40% - 17:27
2 - 33% - 30% - 15:10
3 - 26% - 20% - 11:44
4 - 3% - 10% - 1:25
PP Forward
1 - 51% - 60% - 3:30
2 - 49% - 40% - 3:18
PP Defense
1 - 56% - 60% - 3:50
2 - 44% - 40% - 2:58
PK Forward
1 - 93% - 60% - 5:11
2 - 7% - 40% - 0:23
PK Defense
1 - 53% - 60% - 2:56
2 - 47% - 40% - 2:38
PK3 Forward
1 - 0% - 60%
2 - 0% - 40%
PK3 Defense
1 - 0% - 60%
2 - 0% - 40%
44 Forward
1 - 64% - 60% - 1:12
2 - 36% - 40% - 0:40
44 Defense
1 - 72% - 60% - 1:21
2 - 28% - 40% - 0:31
Last Minute Offensive - 0:00
Last Minute Defensive - 0:00
Total
Forward - 60:00
Defense - 60:00
|
Play-by-Play
1st period
0:01 of 1st period - Nick Bjugstad wins face-off versus Mika Zibanejad in neutral zone.
0:04 of 1st period - Snap shot by Michael Frolik.
0:04 of 1st period - Deflect By Alex Iafallo.
0:04 of 1st period - Goal by Alex Iafallo - Sabres : 0 - Senateurs : 1.
0:05 of 1st period - Jordan Staal wins face-off versus Adam Henrique in neutral zone.
0:14 of 1st period - Backhand shot by Chris Kreider.
0:14 of 1st period - Shot Blocked by Brendan Smith.
0:32 of 1st period - Nate Schmidt is hit by Brendan Smith and loses puck.
0:51 of 1st period - Jake Gardiner is hit by Victor Hedman and loses puck.
1:02 of 1st period - Snap shot by Robby Fabbri.
1:02 of 1st period - Stopped by Martin Jones with a rebound.
1:04 of 1st period - Snap shot by Corey Perry.
1:04 of 1st period - Stopped by Martin Jones without a rebound.
1:05 of 1st period - Christian Dvorak wins face-off versus Christoph Bertschy in Senateurs zone.
1:12 of 1st period - Slapshot by Neal Pionk.
1:12 of 1st period - Deflect By Christian Dvorak.
1:12 of 1st period - Shot Misses the Net.
1:12 of 1st period - Puck is out of play.
1:13 of 1st period - Ilya Kovalchuk wins face-off versus Christoph Bertschy in Senateurs zone.
1:24 of 1st period - Slapshot by Mathew Dumba.
1:24 of 1st period - Stopped by Martin Jones without a rebound.
1:25 of 1st period - Mika Zibanejad wins face-off versus Nick Bjugstad in Senateurs zone.
1:32 of 1st period - Slapshot by Jake Gardiner.
1:32 of 1st period - Shot Blocked by Victor Hedman.
1:36 of 1st period - Snap shot by Michael Frolik.
1:36 of 1st period - Stopped by Igor Shesterkin without a rebound.
1:37 of 1st period - Adam Henrique wins face-off versus Jordan Staal in Sabres zone.
2:32 of 1st period - Snap shot by Mika Zibanejad.
2:32 of 1st period - Shot Misses the Net.
2:34 of 1st period - Slapshot by Neal Pionk.
2:34 of 1st period - Stopped by Martin Jones with a rebound.
3:18 of 1st period - Snap shot by Riley Sheahan.
3:18 of 1st period - Deflect By Adam Henrique.
3:18 of 1st period - Shot Misses the Net.
3:18 of 1st period - Puck is out of play.
3:19 of 1st period - Mika Zibanejad wins face-off versus Nick Bjugstad in Sabres zone.
3:21 of 1st period - Minor Penalty to Jakub Voracek for Tripping.
3:22 of 1st period - Artemi Panarin wins face-off versus Nick Bjugstad in Sabres zone.
3:30 of 1st period - Snap shot by Nick Bjugstad.
3:30 of 1st period - Goal by Nick Bjugstad - Sabres : 0 - Senateurs : 2.
3:31 of 1st period - Nick Bjugstad wins face-off versus Mika Zibanejad in neutral zone.
3:43 of 1st period - Wrist shot by Jakub Voracek.
3:43 of 1st period - Stopped by Martin Jones with a rebound.
3:45 of 1st period - Slapshot by Calvin de Haan.
3:45 of 1st period - Shot Blocked by Jared Cowen.
3:47 of 1st period - Slapshot by Nate Schmidt.
3:47 of 1st period - Deflect By Mika Zibanejad.
3:47 of 1st period - Stopped by Martin Jones without a rebound.
3:48 of 1st period - Adam Henrique wins face-off versus Evgeni Malkin in Senateurs zone.
4:10 of 1st period - Minor Penalty to Jake Gardiner for Tripping.
4:11 of 1st period - Nick Bjugstad wins face-off versus Mika Zibanejad in Senateurs zone.
4:11 of 1st period - Nick Bjugstad is hit by Victor Hedman.
4:17 of 1st period - Minor Penalty to Artemi Panarin for Hooking.
4:18 of 1st period - Evgeni Malkin wins face-off versus Nick Bjugstad in Sabres zone.
4:22 of 1st period - Off-side.
4:23 of 1st period - Evgeni Malkin wins face-off versus Nick Bjugstad in neutral zone.
5:20 of 1st period - Mika Zibanejad is hit by Jared Cowen and loses puck.
6:10 of 1st period - Penalty to Jake Gardiner is over, Jake Gardiner is back on ice.
6:17 of 1st period - Penalty to Artemi Panarin is over, Artemi Panarin is back on ice.
6:27 of 1st period - Snap shot by Jordan Staal.
6:27 of 1st period - Stopped by Martin Jones without a rebound.
6:28 of 1st period - Adam Henrique wins face-off versus Evgeni Malkin in Senateurs zone.
7:02 of 1st period - Slapshot by Jared Cowen.
7:02 of 1st period - Stopped by Igor Shesterkin without a rebound.
7:03 of 1st period - Jordan Staal wins face-off versus Nick Bjugstad in Sabres zone.
7:35 of 1st period - Minor Penalty to Ilya Kovalchuk for Hooking.
7:36 of 1st period - Artemi Panarin wins face-off versus Adam Henrique in Sabres zone.
7:36 of 1st period - Artemi Panarin is hit by Zachary Sanford.
7:43 of 1st period - Wrist shot by Chris Kreider.
7:43 of 1st period - Shot Misses the Net.
7:57 of 1st period - Chris Kreider is hit by Jared Cowen and loses puck.
8:10 of 1st period - Slapshot by Victor Hedman.
8:10 of 1st period - Shot Blocked by Jared Cowen.
8:16 of 1st period - Snap shot by Michael Frolik.
8:16 of 1st period - Deflect By Nick Bjugstad.
8:16 of 1st period - Shot Blocked by Victor Hedman.
8:16 of 1st period - Puck is out of play.
8:17 of 1st period - Nick Bjugstad wins face-off versus Artemi Panarin in Sabres zone.
8:21 of 1st period - Slapshot by Nick Bjugstad.
8:21 of 1st period - Stopped by Igor Shesterkin with a rebound.
9:35 of 1st period - Penalty to Ilya Kovalchuk is over, Ilya Kovalchuk is back on ice.
9:47 of 1st period - Brock Nelson is hit by Jordan Martinook and loses puck.
10:07 of 1st period - Ilya Kovalchuk is hit by Richard Panik and loses puck.
10:16 of 1st period - Ilya Kovalchuk is hit by Jordan Martinook and loses puck.
10:39 of 1st period - Neal Pionk is hit by Quinton Howden and loses puck.
11:34 of 1st period - Off-side.
11:35 of 1st period - Nick Bjugstad wins face-off versus Mika Zibanejad in neutral zone.
11:40 of 1st period - Mathew Dumba is hit by Michael Frolik and loses puck.
12:01 of 1st period - Zachary Sanford is hit by Cal Clutterbuck and loses puck.
12:10 of 1st period - Snap shot by Riley Sheahan.
12:10 of 1st period - Stopped by Igor Shesterkin with a rebound.
12:12 of 1st period - Wrist shot by Riley Sheahan.
12:12 of 1st period - Stopped by Igor Shesterkin with a rebound.
12:24 of 1st period - Slapshot by Christoph Bertschy.
12:24 of 1st period - Stopped by Igor Shesterkin with a rebound.
12:26 of 1st period - Slapshot by Dmitry Sinitsyn.
12:26 of 1st period - Stopped by Igor Shesterkin without a rebound.
12:27 of 1st period - Nick Bjugstad wins face-off versus Evgeni Malkin in Sabres zone.
12:34 of 1st period - Snap shot by Nick Bjugstad.
12:34 of 1st period - Shot Hit the Post.
13:25 of 1st period - Minor Penalty to Brendan Smith for Cross-checking.
13:26 of 1st period - Mika Zibanejad wins face-off versus Nick Bjugstad in Senateurs zone.
13:27 of 1st period - Wrist shot by Jakub Voracek.
13:27 of 1st period - Shot Misses the Net.
13:29 of 1st period - Wrist shot by Jakub Voracek.
13:29 of 1st period - Stopped by Martin Jones with a rebound.
13:31 of 1st period - Wrist shot by Mika Zibanejad.
13:31 of 1st period - Stopped by Martin Jones with a rebound.
13:33 of 1st period - Snap shot by Mika Zibanejad.
13:33 of 1st period - Deflect By Jakub Voracek.
13:33 of 1st period - Shot Blocked by Jared Cowen.
13:33 of 1st period - Puck is out of play.
13:34 of 1st period - Nick Bjugstad wins face-off versus Mika Zibanejad in Senateurs zone.
14:15 of 1st period - Snap shot by Mika Zibanejad.
14:15 of 1st period - Shot Misses the Net.
14:54 of 1st period - Snap shot by Jakub Voracek.
14:54 of 1st period - Goal by Jakub Voracek - Sabres : 1 - Senateurs : 2.
14:55 of 1st period - Jordan Staal wins face-off versus Adam Henrique in neutral zone.
14:58 of 1st period - Snap shot by Jordan Staal.
14:58 of 1st period - Stopped by Martin Jones with a rebound.
15:00 of 1st period - Wrist shot by Cal Clutterbuck.
15:00 of 1st period - Shot Blocked by Jake Gardiner.
16:06 of 1st period - Wrist shot by Cal Clutterbuck.
16:06 of 1st period - Shot Misses the Net.
16:10 of 1st period - Wrist shot by Chris Kreider.
16:10 of 1st period - Shot Misses the Net.
16:12 of 1st period - Snap shot by Jordan Staal.
16:12 of 1st period - Stopped by Martin Jones without a rebound.
16:13 of 1st period - Nick Bjugstad wins face-off versus Mika Zibanejad in Senateurs zone.
16:42 of 1st period - Slapshot by Evgeni Malkin.
16:42 of 1st period - Stopped by Martin Jones without a rebound.
16:43 of 1st period - Mika Zibanejad wins face-off versus Quinton Howden in Senateurs zone.
18:12 of 1st period - Mika Zibanejad is hit by Eric Gelinas and loses puck.
18:55 of 1st period - Snap shot by Mika Zibanejad.
18:55 of 1st period - Shot Blocked by Quinton Howden.
19:13 of 1st period - Snap shot by Jordan Martinook.
19:13 of 1st period - Shot Misses the Net.
19:15 of 1st period - Slapshot by Brendan Smith.
19:15 of 1st period - Deflect By Jakub Voracek.
19:15 of 1st period - Stopped by Igor Shesterkin with a rebound.
19:31 of 1st period - Wrist shot by Jordan Martinook.
19:31 of 1st period - Goal by Jordan Martinook - Sabres : 1 - Senateurs : 3.
19:32 of 1st period - Jordan Staal wins face-off versus Nick Bjugstad in neutral zone.
19:39 of 1st period - Wrist shot by Jordan Staal.
19:39 of 1st period - Stopped by Martin Jones with a rebound.
19:41 of 1st period - Snap shot by Jordan Staal.
19:41 of 1st period - Shot Blocked by Nick Bjugstad.
19:43 of 1st period - Snap shot by Cal Clutterbuck.
19:43 of 1st period - Stopped by Martin Jones without a rebound.
19:44 of 1st period - Jordan Staal wins face-off versus Nick Bjugstad in Senateurs zone.
Goals for this period are 1 for Sabres vs 3 for Senateurs.
Shots for this period are 15 for Sabres vs 11 for Senateurs.
2nd period
0:01 of 2nd period - Nick Bjugstad wins face-off versus Artemi Panarin in neutral zone.
0:35 of 2nd period - Slapshot by Zachary Sanford.
0:35 of 2nd period - Shot Misses the Net.
0:37 of 2nd period - Snap shot by Zachary Sanford.
0:37 of 2nd period - Shot Misses the Net.
2:45 of 2nd period - Victor Hedman is hit by Quinton Howden and loses puck.
3:24 of 2nd period - Snap shot by Riley Sheahan.
3:24 of 2nd period - Stopped by Igor Shesterkin without a rebound.
3:25 of 2nd period - Adam Henrique wins face-off versus Christian Dvorak in Sabres zone.
4:41 of 2nd period - Snap shot by Robby Fabbri.
4:41 of 2nd period - Stopped by Martin Jones with a rebound.
4:43 of 2nd period - Snap shot by Corey Perry.
4:43 of 2nd period - Shot Blocked by Jared Cowen.
5:14 of 2nd period - Slapshot by Alex Iafallo.
5:14 of 2nd period - Stopped by Igor Shesterkin with a rebound.
6:01 of 2nd period - Slapshot by Adam Henrique.
6:01 of 2nd period - Stopped by Igor Shesterkin without a rebound.
6:02 of 2nd period - Mika Zibanejad wins face-off versus Adam Henrique in Sabres zone.
7:34 of 2nd period - Jakub Voracek is hit by Adam Henrique and loses puck.
7:41 of 2nd period - Slapshot by Neal Pionk.
7:41 of 2nd period - Shot Misses the Net.
7:55 of 2nd period - Tyson Barrie is hit by Jake Gardiner and loses puck.
8:44 of 2nd period - Snap shot by Artemi Panarin.
8:44 of 2nd period - Stopped by Martin Jones with a rebound.
8:46 of 2nd period - Slapshot by Mika Zibanejad.
8:46 of 2nd period - Stopped by Martin Jones with a rebound.
8:56 of 2nd period - Jakub Voracek is hit by Zachary Sanford and loses puck.
9:23 of 2nd period - Snap shot by Jordan Martinook.
9:23 of 2nd period - Shot Misses the Net.
9:34 of 2nd period - Slapshot by Dmitry Sinitsyn.
9:34 of 2nd period - Shot Misses the Net.
9:44 of 2nd period - Slapshot by Jordan Staal.
9:44 of 2nd period - Shot Blocked by Dmitry Sinitsyn.
9:46 of 2nd period - Snap shot by Cal Clutterbuck.
9:46 of 2nd period - Shot Blocked by Richard Panik.
9:48 of 2nd period - Snap shot by Jordan Staal.
9:48 of 2nd period - Shot Misses the Net.
9:50 of 2nd period - Wrist shot by Jordan Staal.
9:50 of 2nd period - Stopped by Martin Jones without a rebound.
9:51 of 2nd period - Mika Zibanejad wins face-off versus Adam Henrique in Senateurs zone.
10:06 of 2nd period - Slapshot by Jakub Voracek.
10:06 of 2nd period - Stopped by Martin Jones without a rebound.
10:07 of 2nd period - Evgeni Malkin wins face-off versus Nick Bjugstad in Senateurs zone.
10:18 of 2nd period - Wrist shot by Nick Bjugstad.
10:18 of 2nd period - Deflect By Michael Frolik.
10:18 of 2nd period - Shot Misses the Net.
10:18 of 2nd period - Puck is out of play.
10:19 of 2nd period - Jakub Voracek wins face-off versus Nick Bjugstad in Sabres zone.
10:52 of 2nd period - Slapshot by Evgeni Malkin.
10:52 of 2nd period - Stopped by Martin Jones with a rebound.
10:54 of 2nd period - Slapshot by Calvin de Haan.
10:54 of 2nd period - Shot Misses the Net.
10:56 of 2nd period - Snap shot by Robby Fabbri.
10:56 of 2nd period - Stopped by Martin Jones with a rebound.
11:13 of 2nd period - Wrist shot by Eric Gelinas.
11:13 of 2nd period - Shot Blocked by Chris Kreider.
12:19 of 2nd period - Slapshot by Mathew Dumba.
12:19 of 2nd period - Stopped by Martin Jones without a rebound.
12:20 of 2nd period - Adam Henrique wins face-off versus Christian Dvorak in Senateurs zone.
12:20 of 2nd period - Adam Henrique is hit by Ilya Kovalchuk.
12:25 of 2nd period - Off-side.
12:26 of 2nd period - Mika Zibanejad wins face-off versus Nick Bjugstad in neutral zone.
12:49 of 2nd period - Icing by Jake Gardiner.
12:50 of 2nd period - Jordan Staal wins face-off versus Adam Henrique in Senateurs zone.
14:18 of 2nd period - Minor Penalty to Christian Dvorak for Holding.
14:19 of 2nd period - Artemi Panarin wins face-off versus Nick Bjugstad in Sabres zone.
14:30 of 2nd period - Snap shot by Michael Frolik.
14:30 of 2nd period - Deflect By Mathew Dumba.
14:30 of 2nd period - Stopped by Igor Shesterkin with a rebound.
14:32 of 2nd period - Slapshot by Jared Cowen.
14:32 of 2nd period - Goal by Jared Cowen - Sabres : 1 - Senateurs : 4.
14:32 of 2nd period - Cam Talbot enters game.
14:33 of 2nd period - Mika Zibanejad wins face-off versus Nick Bjugstad in neutral zone.
14:36 of 2nd period - Alex Iafallo is hit by Mathew Dumba and loses puck.
15:01 of 2nd period - Wrist shot by Adam Henrique.
15:01 of 2nd period - Stopped by Cam Talbot with a rebound.
16:02 of 2nd period - Backhand shot by Brock Nelson.
16:02 of 2nd period - Stopped by Martin Jones with a rebound.
16:51 of 2nd period - Snap shot by Artemi Panarin.
16:51 of 2nd period - Stopped by Martin Jones without a rebound.
16:52 of 2nd period - Nick Bjugstad wins face-off versus Mika Zibanejad in Senateurs zone.
17:36 of 2nd period - Icing by Christoph Bertschy.
17:37 of 2nd period - Christoph Bertschy wins face-off versus Jordan Staal in Senateurs zone.
17:37 of 2nd period - Christoph Bertschy is hit by Cal Clutterbuck.
18:39 of 2nd period - Wrist shot by Tim Schaller.
18:39 of 2nd period - Stopped by Cam Talbot with a rebound.
18:41 of 2nd period - Snap shot by Tim Schaller.
18:41 of 2nd period - Stopped by Cam Talbot without a rebound.
18:42 of 2nd period - Nick Bjugstad wins face-off versus Mika Zibanejad in Sabres zone.
18:43 of 2nd period - Snap shot by Michael Frolik.
18:43 of 2nd period - Shot Misses the Net.
18:49 of 2nd period - Wrist shot by Jakub Voracek.
18:49 of 2nd period - Stopped by Martin Jones without a rebound.
18:50 of 2nd period - Nick Bjugstad wins face-off versus Mika Zibanejad in Senateurs zone.
18:50 of 2nd period - Nick Bjugstad is hit by Artemi Panarin.
19:17 of 2nd period - Slapshot by Jakub Voracek.
19:17 of 2nd period - Shot Blocked by Riley Sheahan.
19:19 of 2nd period - Snap shot by Artemi Panarin.
19:19 of 2nd period - Deflect By Jakub Voracek.
19:19 of 2nd period - Stopped by Martin Jones without a rebound.
19:20 of 2nd period - Jordan Staal wins face-off versus Nick Bjugstad in Senateurs zone.
19:24 of 2nd period - Minor Penalty to Alex Iafallo for Holding.
19:25 of 2nd period - Artemi Panarin wins face-off versus Nick Bjugstad in Senateurs zone.
Goals for this period are 0 for Sabres vs 1 for Senateurs.
Shots for this period are 12 for Sabres vs 8 for Senateurs.
3rd period
0:01 of 3rd period - Mika Zibanejad wins face-off versus Nick Bjugstad in neutral zone.
0:26 of 3rd period - Mathew Dumba is hit by Jordan Martinook and loses puck.
1:24 of 3rd period - Penalty to Alex Iafallo is over, Alex Iafallo is back on ice.
1:35 of 3rd period - Dmitry Sinitsyn is hit by Robby Fabbri and loses puck.
1:40 of 3rd period - Snap shot by Evgeni Malkin.
1:40 of 3rd period - Stopped by Martin Jones with a rebound.
1:54 of 3rd period - Tim Schaller is hit by Ilya Kovalchuk and loses puck.
2:14 of 3rd period - Icing by Dmitry Sinitsyn.
2:15 of 3rd period - Christoph Bertschy wins face-off versus Jordan Staal in Senateurs zone.
2:51 of 3rd period - Snap shot by Zachary Sanford.
2:51 of 3rd period - Shot Blocked by Calvin de Haan.
2:53 of 3rd period - Snap shot by Anton Lindholm.
2:53 of 3rd period - Stopped by Cam Talbot without a rebound.
2:54 of 3rd period - Mika Zibanejad wins face-off versus Nick Bjugstad in Sabres zone.
3:21 of 3rd period - Jared Cowen is hit by Victor Hedman and loses puck.
3:26 of 3rd period - Snap shot by Jordan Staal.
3:26 of 3rd period - Stopped by Martin Jones with a rebound.
3:28 of 3rd period - Backhand shot by Cal Clutterbuck.
3:28 of 3rd period - Deflect By Jordan Staal.
3:28 of 3rd period - Shot Blocked by Jared Cowen.
3:28 of 3rd period - Puck is out of play.
3:29 of 3rd period - Jordan Staal wins face-off versus Nick Bjugstad in Senateurs zone.
3:58 of 3rd period - Icing by Eric Gelinas.
3:59 of 3rd period - Mika Zibanejad wins face-off versus Nick Bjugstad in Senateurs zone.
4:26 of 3rd period - Wrist shot by Robby Fabbri.
4:26 of 3rd period - Shot Misses the Net.
4:55 of 3rd period - Wrist shot by Cal Clutterbuck.
4:55 of 3rd period - Stopped by Martin Jones with a rebound.
4:57 of 3rd period - Slapshot by Jordan Staal.
4:57 of 3rd period - Shot Blocked by Quinton Howden.
4:59 of 3rd period - Wrist shot by Jordan Staal.
4:59 of 3rd period - Deflect By Cal Clutterbuck.
4:59 of 3rd period - Stopped by Martin Jones without a rebound.
5:00 of 3rd period - Adam Henrique wins face-off versus Mika Zibanejad in Senateurs zone.
5:26 of 3rd period - Minor Penalty to Alex Iafallo for Interference.
5:27 of 3rd period - Nick Bjugstad wins face-off versus Mika Zibanejad in Senateurs zone.
5:27 of 3rd period - Nick Bjugstad is hit by Jakub Voracek.
6:30 of 3rd period - Snap shot by Adam Henrique.
6:30 of 3rd period - Shot Blocked by Calvin de Haan.
7:26 of 3rd period - Penalty to Alex Iafallo is over, Alex Iafallo is back on ice.
7:26 of 3rd period - Jared Cowen is hit by Victor Hedman and loses puck.
7:43 of 3rd period - Slapshot by Jake Gardiner.
7:43 of 3rd period - Shot Blocked by Neal Pionk.
7:45 of 3rd period - Slapshot by Jake Gardiner.
7:45 of 3rd period - Stopped by Cam Talbot with a rebound.
7:47 of 3rd period - Slapshot by Jake Gardiner.
7:47 of 3rd period - Goal by Jake Gardiner - Sabres : 1 - Senateurs : 5.
7:48 of 3rd period - Jakub Voracek wins face-off versus Nick Bjugstad in neutral zone.
8:13 of 3rd period - Nate Schmidt is hit by Tim Schaller and loses puck.
8:42 of 3rd period - Calvin de Haan is hit by Jordan Martinook and loses puck.
8:54 of 3rd period - Icing by Calvin de Haan.
8:55 of 3rd period - Adam Henrique wins face-off versus Evgeni Malkin in Sabres zone.
10:40 of 3rd period - Slapshot by Anton Lindholm.
10:40 of 3rd period - Shot Misses the Net.
11:34 of 3rd period - Snap shot by Zachary Sanford.
11:34 of 3rd period - Stopped by Cam Talbot with a rebound.
11:46 of 3rd period - Wrist shot by Brock Nelson.
11:46 of 3rd period - Stopped by Martin Jones with a rebound.
11:52 of 3rd period - Wrist shot by Brock Nelson.
11:52 of 3rd period - Shot Blocked by Jake Gardiner.
11:54 of 3rd period - Backhand shot by Neal Pionk.
11:54 of 3rd period - Deflect By Zachary Sanford.
11:54 of 3rd period - Stopped by Martin Jones without a rebound.
11:55 of 3rd period - Mika Zibanejad wins face-off versus Michael Frolik in Senateurs zone.
11:56 of 3rd period - Snap shot by Jakub Voracek.
11:56 of 3rd period - Deflect By Mika Zibanejad.
11:56 of 3rd period - Shot Misses the Net.
11:56 of 3rd period - Puck is out of play.
11:57 of 3rd period - Nick Bjugstad wins face-off versus Mika Zibanejad in Senateurs zone.
12:02 of 3rd period - Slapshot by Eric Gelinas.
12:02 of 3rd period - Stopped by Cam Talbot without a rebound.
12:03 of 3rd period - Mika Zibanejad wins face-off versus Alex Iafallo in Sabres zone.
12:30 of 3rd period - Slapshot by Neal Pionk.
12:30 of 3rd period - Stopped by Martin Jones without a rebound.
12:30 of 3rd period - Minor Penalty to Cal Clutterbuck for Holding.
12:31 of 3rd period - Nick Bjugstad wins face-off versus Artemi Panarin in Sabres zone.
13:15 of 3rd period - Icing by Brendan Smith.
13:16 of 3rd period - Adam Henrique wins face-off versus Mika Zibanejad in Senateurs zone.
13:29 of 3rd period - Snap shot by Zachary Sanford.
13:29 of 3rd period - Goal by Zachary Sanford - Sabres : 1 - Senateurs : 6.
13:30 of 3rd period - Nick Bjugstad wins face-off versus Mika Zibanejad in neutral zone.
14:30 of 3rd period - Snap shot by Zachary Sanford.
14:30 of 3rd period - Shot Blocked by Neal Pionk.
14:32 of 3rd period - Minor Penalty to Evgeni Malkin for Hooking.
14:33 of 3rd period - Nick Bjugstad wins face-off versus Artemi Panarin in Sabres zone.
16:32 of 3rd period - Penalty to Evgeni Malkin is over, Evgeni Malkin is back on ice.
16:46 of 3rd period - Calvin de Haan is hit by Jared Cowen and loses puck.
17:10 of 3rd period - Icing by Ilya Kovalchuk.
17:11 of 3rd period - Christoph Bertschy wins face-off versus Christian Dvorak in Sabres zone.
17:58 of 3rd period - Snap shot by Ilya Kovalchuk.
17:58 of 3rd period - Stopped by Martin Jones with a rebound.
18:00 of 3rd period - Snap shot by Christian Dvorak.
18:00 of 3rd period - Shot Misses the Net.
18:02 of 3rd period - Wrist shot by Nate Schmidt.
18:02 of 3rd period - Stopped by Martin Jones with a rebound.
18:04 of 3rd period - Wrist shot by Ilya Kovalchuk.
18:04 of 3rd period - Shot Misses the Net.
18:06 of 3rd period - Snap shot by Nate Schmidt.
18:06 of 3rd period - Deflect By Ilya Kovalchuk.
18:06 of 3rd period - Stopped by Martin Jones without a rebound.
18:07 of 3rd period - Mika Zibanejad wins face-off versus Adam Henrique in Senateurs zone.
18:22 of 3rd period - Backhand shot by Jakub Voracek.
18:22 of 3rd period - Stopped by Martin Jones without a rebound.
18:23 of 3rd period - Quinton Howden wins face-off versus Jordan Staal in Senateurs zone.
18:29 of 3rd period - Jordan Martinook and Jordan Staal fight to a draw.
18:29 of 3rd period - Penalty to Jordan Martinook for Fighting.
18:29 of 3rd period - Penalty to Jordan Staal for Fighting.
18:30 of 3rd period - Mika Zibanejad wins face-off versus Nick Bjugstad in Sabres zone.
18:30 of 3rd period - Mika Zibanejad is hit by Jared Cowen.
18:38 of 3rd period - Slapshot by Alex Iafallo.
18:38 of 3rd period - Deflect By Michael Frolik.
18:38 of 3rd period - Stopped by Cam Talbot without a rebound.
18:38 of 3rd period - Minor Penalty to Cam Talbot for Delaying the game.
18:39 of 3rd period - Nick Bjugstad wins face-off versus Artemi Panarin in Sabres zone.
18:55 of 3rd period - Neal Pionk is hit by Nick Bjugstad and loses puck.
19:46 of 3rd period - Icing by Adam Henrique.
19:47 of 3rd period - Artemi Panarin wins face-off versus Adam Henrique in Senateurs zone.
Goals for this period are 0 for Sabres vs 2 for Senateurs.
Shots for this period are 11 for Sabres vs 7 for Senateurs.
Output by the SimonT Hockey Simulator (STHS) for Francois Prevost